[Event "*** SCC Grand Prix: Titled Tuesday Blitz"]
[Site "Chess.com"]
[Date "2020.07.07"]
[Round "7"]
[White "AlanTate"]
[Black "Quattroporte300"]
[Result "0-1"]
[WhiteElo "2144"]
[BlackElo "2286"]
[TimeControl "180+1"]
[EndTime "11:18:42 PDT"]
[Termination "Quattroporte300 won on time"]

1. d4 Nf6 2. c4 e6 3. Nf3 d5 4. g3 dxc4 5. Bg2 c5 6. O-O Nc6 7.
dxc5 Qxd1 8. Rxd1 Bxc5 9. Nbd2 c3 10. bxc3 O-O 11. Nb3 Be7 12. Nfd4 Nxd4 13. cxd4 a5 14.
Nc5 Ra7 15. Rb1 Nd5 16. Bd2 b6 17. Nd3 Bf6 18. e4 Ba6 19. Ne5 Nb4 20. Bxb4 axb4 21. Nc6 Rd7 22. e5 Be7 23. Nxe7+ Rxe7 24. Rxb4 Rb8 25.
Rdb1 b5 26. a4 Kf8 27. axb5 Bb7 28. Bxb7 Rexb7 29. Kf1 Rb6 30. Ke2 Ke7 31. Kd3 Kd7 32. f4 Ra8 33. Rc1 Ra3+ 34. Rc3 Ra2 35. Rc2 Ra5 0-1

[Event "*** SCC Grand Prix: Titled Tuesday Blitz"]
[Site "Chess.com"]
[Date "2020.07.07"]
[Round "7"]
[White "aljado"]
[Black "tlomigtlis"]
[Result "0-1"]
[WhiteElo "2123"]
[BlackElo "2369"]
[TimeControl "180+1"]
[EndTime "11:18:46 PDT"]
[Termination "tlomigtlis won on time"]

1. e4 c5 2. Nf3 d6 3. c3 Nf6 4. Bc4 Nc6 5. Qe2 e6 6. O-O Be7 7. d4 d5 8. exd5 exd5 9. Bb5 O-O 10. Re1 Re8 11. Ne5 Bd6 12. Bxc6 bxc6 13. Bg5 Bf5 14.
Nd2 cxd4 15. cxd4 c5 16. Qf3 Be4 17. Nxe4 dxe4 18. Qf5 Bxe5 19. dxe5 Qd7 20. Qxd7 Nxd7 21. Rxe4 Rxe5 22. Rxe5 Nxe5 23. Re1 Re8 24. Kf1 f6 0-1

[Event "*** SCC Grand Prix: Titled Tuesday Blitz"]
[Site "Chess.com"]
[Date "2020.07.07"]
[Round "7"]
[White "Hippotaner"]
[Black "Fluffey"]
[Result "0-1"]
[WhiteElo "2312"]
[BlackElo "2459"]
[TimeControl "180+1"]
[EndTime "11:18:47 PDT"]
[Termination "Fluffey won by resignation"]

1. e4 c5 2. Nf3 Nc6 3. Bb5 Nd4 4. Bc4 e6 5. c3 Nxf3+ 6. Qxf3 b6 7. O-O Bb7 8. d3 Nf6 9. Bf4 Be7 10. Qg3 Nh5 11. Qf3 Nxf4 12. Qxf4 O-O 13. Nd2 d5 14. exd5 exd5 15.
Bb3 Bg5 16. Qg3 Bxd2 17. h4 Qf6 18. Rad1 Bf4 19. Qf3 Rad8 20. g3 Be5 21. Qg2 Rd7 22.
f4 Bb8 23. d4 c4 24. Bc2 Re7 25. Rd2 Rfe8 26. Rdf2 Re1 27. Rxe1 Rxe1+ 28. Kh2 h5 29. Re2 Rxe2 30. Qxe2 Qe6 31. Qxh5 g6 32. Qf3 Bc8 33. b3 Qh3+ 34. Kg1 Bg4 35. Qf2 b5 36. bxc4 bxc4 37. Ba4 Bd6 38. Bc6 Be6 39. Qf3 Qf5 40. Qe2 Ba3 41.
Ba4 Qb1+ 42. Kg2 Qb2 43. Bc2 Qxc3 44. h5 Bc1 45. hxg6 Qd2 46. gxf7+ Kxf7 47. Bg6+ Kxg6 48. Qxd2 Bxd2 0-1

[Event "*** SCC Grand Prix: Titled Tuesday Blitz"]
[Site "Chess.com"]
[Date "2020.07.07"]
[Round "7"]
[White "Supernotar"]
[Black "grunbergmihai"]
[Result "0-1"]
[WhiteElo "2775"]
[BlackElo "2452"]
[TimeControl "180+1"]
[EndTime "11:18:48 PDT"]
[Termination "grunbergmihai won by resignation"]

1. d4 f5 2. c4 Nf6 3. Nf3 g6 4. g3 Bg7 5. Bg2 O-O 6. O-O c6 7. Nc3 d6 8. b3 Bd7 9. Bb2 Na6 10.
d5 Nc5 11. Rc1 a5 12. Nd4 Qb6 13. e3 Nce4 14. Qe2 cxd5 15. Nxd5 Nxd5 16. cxd5 a4 17.
Ba1 axb3 18. axb3 Rfc8 19. h3 Qa6 20. Rxc8+ Rxc8 21. Qxa6 bxa6 22. Bb2 Nd2 23. Rc1 Bxd4 24. Rxc8+ Bxc8 25. exd4 Nxb3 26. Bf1 Nd2 27. Bd3 Bb7 28. g4 fxg4 29. hxg4 a5 30. Bc3 Nf3+ 31. Kg2 Bxd5 32.
Kg3 a4 33. Be2 Ng5 34. f4 Ne4+ 0-1

[Event "*** SCC Grand Prix: Titled Tuesday Blitz"]
[Site "Chess.com"]
[Date "2020.07.07"]
[Round "7"]
[White "abykhovsky"]
[Black "mbojan"]
[Result "1-0"]
[WhiteElo "2688"]
[BlackElo "2541"]
[TimeControl "180+1"]
[EndTime "11:18:49 PDT"]
[Termination "abykhovsky won by resignation"]

1. Nf3 Nf6 2. g3 g6 3. Bg2 Bg7 4. O-O O-O 5. d4 d6 6. b3 Nc6 7. Bb2 e5 8. d5 Ne7 9. c4 Nh5 10. Nc3 f5 11. Ng5 e4 12. Qd2 Nf6 13. f3 exf3 14.
exf3 h6 15. Ne6 Bxe6 16. dxe6 Kh7 17. Rad1 Rb8 18. f4 b6 19. Rfe1 a6 20. Rc1 Qe8 21. Nd5 Nfxd5 22. Bxg7 Kxg7 23. cxd5 Rb7 24. Rc4 Qa8 25.
Rec1 Qa7 26. Qc3+ Kg8 27. Rxc7 b5+ 28. Kh1 Rxc7 29. Qxc7 Qe3 30. Rf1 Rc8 31. Qxe7 Rc1 32. Qf7+ Kh8 33. e7 Rxf1+ 34. Bxf1 Qf3+ 35. Kg1 Qe3+ 36. Kg2 Qd2+ 37. Kh3 1-0

[Event "*** SCC Grand Prix: Titled Tuesday Blitz"]
[Site "Chess.com"]
[Date "2020.07.07"]
[Round "7"]
[White "mirochka"]
[Black "jonychess03"]
[Result "0-1"]
[WhiteElo "2132"]
[BlackElo "2316"]
[TimeControl "180+1"]
[EndTime "11:18:49 PDT"]
[Termination "jonychess03 won on time"]

1. e4 e6 2. Nf3 d5 3. e5 c5 4. b4 cxb4 5. a3 bxa3 6. d4 Nc6 7. c3 a6 8. Bd3 b5 9. O-O Bb7 10. Nxa3 Na5 11. Nxb5 axb5 12. Bxb5+ Nc6 13. Rb1 Ne7 14. Bg5 h6 15. Bh4 g5 16. Nxg5 hxg5 17. Bxg5 Qd7 18. c4 dxc4 19. Bxc4 Nd5 20. Bxd5 exd5 21. Bf6 Rg8 22. Qh5 Nxd4 23. Rfd1 Ne6 24.
g3 d4 25. Qe2 Qd5 26. f3 Qxf3 27. Qxf3 Bxf3 28. Rd2 Be7 29. Rb7 Bxf6 30. exf6 Rg6 31. Rc2 d3 32. Rd2 Be2 0-1

[Event "*** SCC Grand Prix: Titled Tuesday Blitz"]
[Site "Chess.com"]
[Date "2020.07.07"]
[Round "7"]
[White "jonaszmb"]
[Black "Ural_bogatyr"]
[Result "1-0"]
[WhiteElo "2474"]
[BlackElo "2349"]
[TimeControl "180+1"]
[EndTime "11:18:51 PDT"]
[Termination "jonaszmb won by resignation"]

1. e4 e5 2. Nf3 Nc6 3. d4 exd4 4. Nxd4 Qf6 5. Nxc6 Bc5 6. Qf3 dxc6 7. Nc3 Be6 8. Bd3 O-O-O 9. Be3 Bb4 10. Qxf6 Nxf6 11. f3 Nd7 12. O-O-O Bxc3 13. bxc3 Bxa2 14. Bxa7 c5 15. c4 b6 16. Kb2 Kb7 17. Bxb6 Ra8 18. Ra1 Nxb6 19. Rxa2 Rxa2+ 20. Kxa2 Ra8+ 21. Kb3 Ra4 22. Kc3 Ra3+ 23. Kd2 Ra4 24. Kc3 Ra3+ 25. Kb2 Ra4 26.
Kb3 Rb4+ 27. Kc3 Na4+ 28. Kd2 Nb2 29. c3 Nxc4+ 30. Bxc4 Rxc4 31. Ra1 Kc6 32. Kd3 Kb5 33.
Rb1+ Rb4 34. cxb4 cxb4 35. Rc1 c5 36. e5 b3 37. Kc3 c4 38. Rd1 1-0

[Event "*** SCC Grand Prix: Titled Tuesday Blitz"]
[Site "Chess.com"]
[Date "2020.07.07"]
[Round "7"]
[White "MathiasWomacka"]
[Black "Ziachess74"]
[Result "1-0"]
[WhiteElo "2444"]
[BlackElo "2623"]
[TimeControl "180+1"]
[EndTime "11:18:52 PDT"]
[Termination "MathiasWomacka won by resignation"]

1. e4 c5 2. Nf3 Nc6 3. d4 cxd4 4. Nxd4 Nf6 5. Nc3 d6 6. Be2 e5 7. Nf3 h6 8. O-O Be7 9. Re1 O-O 10. h3 a6 11. Bf1 Be6 12. Nd5 Bxd5 13. exd5 Nb8 14.
c4 Nbd7 15. Be3 a5 16. b3 Nh7 17. a3 f5 18. b4 Ng5 19. c5 axb4 20. c6 Nf6 21.
Bxg5 hxg5 22. Nxg5 Qb6 23. Qb3 Ne4 24. Nxe4 fxe4 25.
Qxb4 Qxf2+ 26. Kh1 bxc6 27. Qxe4 Rf4 28. Qg6 Rf6 29. Qe4 c5 30. Bd3 Rb8 31. Rf1 Qd4 32. Qh7+ Kf7 33. Bg6+ 1-0

[Event "*** SCC Grand Prix: Titled Tuesday Blitz"]
[Site "Chess.com"]
[Date "2020.07.07"]
[Round "7"]
[White "NormWeinstein"]
[Black "annamaja"]
[Result "1-0"]
[WhiteElo "2451"]
[BlackElo "2266"]
[TimeControl "180+1"]
[EndTime "11:18:53 PDT"]
[Termination "NormWeinstein won on time"]

1. e4 e6 2. d4 d5 3. Nd2 Nf6 4. Bd3 c5 5. dxc5 dxe4 6. Nxe4 Nxe4 7. Bxe4 Qxd1+ 8. Kxd1 Bxc5 9. Ke2 Nd7 10. Be3 Bxe3 11.
Kxe3 Nf6 12. Nf3 Nxe4 13. Kxe4 Bd7 14. Ne5 Rc8 15. c3 Bb5 16. Rhd1 f6 17. a4 Ba6 18.
Nf3 Ke7 19. Nd4 b6 20. a5 Bb7+ 21. Ke3 Rhd8 22. axb6 axb6 23. Ra7 Rd7 24. Nf5+ exf5 25. Rxd7+ Kxd7 26. Rxb7+ Kc6 27. Rxg7 Re8+ 28. Kf3 b5 29. Rxh7 Kc5 30. Rc7+ Kd5 31. b3 Re1 32. c4+ Kd6 33. Rb7 bxc4 34. bxc4 Rc1 35. Rb4 Rc2 36. Ra4 1-0

[Event "*** SCC Grand Prix: Titled Tuesday Blitz"]
[Site "Chess.com"]
[Date "2020.07.07"]
[Round "7"]
[White "RoelandPruijssers"]
[Black "GAusal"]
[Result "0-1"]
[WhiteElo "2591"]
[BlackElo "2089"]
[TimeControl "180+1"]
[EndTime "11:18:54 PDT"]
[Termination "GAusal won on time"]

1. f4 e5 2. fxe5 d6 3. exd6 Bxd6 4. Nf3 Bg4 5. e4 Nf6 6. Nc3 Nc6 7. Bb5 O-O 8. Bxc6 bxc6 9. O-O Be5 10. d3 Qd6 11. h3 Bxf3 12. Qxf3 Rab8 13. Kh1 a6 14. Qf5 g6 15. Qf3 Nh5 16. Ne2 f5 17. Bh6 Rf6 18. d4 Bxd4 19. Rfd1 c5 20. c3 fxe4 21. Qxe4 Re6 22.
Qd3 Rxe2 23. cxd4 Rbxb2 24. Rd2 Rexd2 25. Bxd2 Qxd4 26. Qxd4 cxd4 27. Bc1 Rc2 28. Ba3 c5 29. Rb1 c4 30. Rb7 Ng3+ 31. Kh2 Nf5 0-1

[Event "*** SCC Grand Prix: Titled Tuesday Blitz"]
[Site "Chess.com"]
[Date "2020.07.07"]
[Round "7"]
[White "Evachess2006"]
[Black "Sofiia_Hryzlova"]
[Result "0-1"]
[WhiteElo "1617"]
[BlackElo "2123"]
[TimeControl "180+1"]
[EndTime "11:18:54 PDT"]
[Termination "Sofiia_Hryzlova won by resignation"]

1. e4 e6 2. e5 c5 3. Nf3 Nc6 4. Bb5 Nge7 5. Qe2 Ng6 6. Bxc6 bxc6 7. O-O a5 8. d3 d5 9. exd6 Bxd6 10. Bg5 Qc7 11. Nc3 f5 12. h3 O-O 13. Be3 e5 14.
Rfe1 Ba6 15. Rad1 Rae8 16. Na4 e4 17. Nd2 exd3 18. cxd3 f4 19. Nc4 Bxc4 20. dxc4 fxe3 21. fxe3 Bf4 22. Nxc5 Bxe3+ 23. Kh1 Bxc5 24. Qxe8 Rxe8 25. Rxe8+ Kf7 26. Rde1 Bb4 27. R1e2 Qd7 28. R8e4 Bc5 0-1

[Event "*** SCC Grand Prix: Titled Tuesday Blitz"]
[Site "Chess.com"]
[Date "2020.07.07"]
[Round "7"]
[White "ElCoachRene"]
[Black "WilliamSchill"]
[Result "1-0"]
[WhiteElo "2216"]
[BlackElo "1970"]
[TimeControl "180+1"]
[EndTime "11:18:55 PDT"]
[Termination "ElCoachRene won on time"]

1. d4 Nf6 2. Bf4 g6 3. e3 Bg7 4. Nf3 O-O 5. Nbd2 d6 6. h3 c5 7. c3 Nc6 8. Be2 Be6 9. O-O Qb6 10. Qc1 Rfc8 11. Bc4 Bxc4 12. Nxc4 Qa6 13. Ncd2 Nd5 14. Bg3 cxd4 15. exd4 Nxd4 16. Nxd4 Bxd4 17. Qb1 Bg7 18. Qe4 e6 19. Rfd1 Nf6 20. Qb4 d5 21. Be5 Qc6 22.
Qh4 Nd7 23. Bxg7 Kxg7 24. Nf3 Nf6 25. Rd4 h5 26. Rad1 Re8 27. Ne5 Qc7 28. Re1 Rad8 29. Rf4 Qe7 30. Re3 Rf8 31. Ref3 1-0

[Event "*** SCC Grand Prix: Titled Tuesday Blitz"]
[Site "Chess.com"]
[Date "2020.07.07"]
[Round "7"]
[White "N00bM3ster"]
[Black "Jospem"]
[Result "0-1"]
[WhiteElo "2608"]
[BlackElo "2887"]
[TimeControl "180+1"]
[EndTime "11:18:56 PDT"]
[Termination "Jospem won by resignation"]

1. e4 e5 2. Nf3 Nc6 3. Bc4 Bc5 4. c3 Nf6 5. b4 Bb6 6. d3 d6 7. a4 a5 8. b5 Nb8 9. Nbd2 O-O 10. Bb3 c6 11. Nc4 Bc7 12. Be3 Nbd7 13. O-O d5 14. Ncd2 Bb6 15. Bxb6 Qxb6 16. Qe2 Re8 17. Rab1 Qc7 18.
Rfe1 Nc5 19. Bc2 dxe4 20. Nxe4 Nfxe4 21. dxe4 cxb5 22. axb5 b6 23. Nd2 Be6 24. Nc4 Nd7 25. Bb3 a4 26. Ba2 Rec8 27. Ne3 Bxa2 28. Qxa2 Qxc3 29. Nd5 Qc4 30. Qa3 Qc5 31. Qh3 Qd6 32.
Rec1 Nc5 33. Qh4 f6 34. Qg4 Kh8 35. h4 Rf8 36. Ne3 Qe6 37. Nf5 g6 38. Ne3 Qxg4 39. Nxg4 h5 40. Ne3 a3 41. Nd5 a2 42. Ra1 Nb3 43. Nxb6 Nxc1 44. Nxa8 Rxa8 45. Kf1 Nb3 46. b6 Nxa1 47. b7 Rb8 0-1

[Event "*** SCC Grand Prix: Titled Tuesday Blitz"]
[Site "Chess.com"]
[Date "2020.07.07"]
[Round "7"]
[White "Flawless_Fighter"]
[Black "MFBerna"]
[Result "1-0"]
[WhiteElo "2578"]
[BlackElo "2394"]
[TimeControl "180+1"]
[EndTime "11:18:58 PDT"]
[Termination "Flawless_Fighter won by resignation"]

1. e4 c6 2. d4 d5 3. exd5 cxd5 4.
Bd3 Nc6 5. c3 g6 6. Nf3 Bg7 7.
O-O Nf6 8. Re1 O-O 9. Ne5 Bf5 10. Bxf5 gxf5 11. Nxc6 bxc6 12. Bg5 Qd6 13. Bxf6 Qxf6 14. Nd2 c5 15. dxc5 e5 16. Nf3 e4 17. Nd4 Qg6 18. Re3 f4 19. Rh3 Rfe8 20. Qh5 e3 21.
fxe3 fxe3 22. Qxg6 hxg6 23. Re1 e2 24. Kf2 Re4 25.
Rxe2 Rf4+ 26. Rf3 Re4 27. Nb5 f5 28. Rd3 Rd8 29. Nc7 Be5 30. Nxd5 Bxh2 31. Nf6+ Kf7 32. Rxd8 Kxf6 33. Rxe4 fxe4 34. Ke3 Ke7 35. Ra8 Bg1+ 36.
Kxe4 Bxc5 37. b4 Bb6 38. c4 1-0

[Event "*** SCC Grand Prix: Titled Tuesday Blitz"]
[Site "Chess.com"]
[Date "2020.07.07"]
[Round "7"]
[White "floplover"]
[Black "MomchilPetkov"]
[Result "0-1"]
[WhiteElo "2313"]
[BlackElo "2546"]
[TimeControl "180+1"]
[EndTime "11:18:58 PDT"]
[Termination "MomchilPetkov won by resignation"]

1. d4 Nf6 2. c4 e6 3. Nc3 Bb4 4. Qc2 Nc6 5. Nf3 d6 6. Bd2 a5 7. g3 O-O 8. Bg2 e5 9. d5 Nb8 10. O-O Nbd7 11. b3 Nc5 12. a3 Bxc3 13. Bxc3 a4 14. b4 Nb3 15. Rad1 Bd7 16. Nd2 Nxd2 17. Rxd2 Qc8 18. Rc1 Bh3 19. Bh1 h5 20. Rdd1 h4 21. Bd2 hxg3 22. hxg3 Qg4 23. Bf3 Qd7 24. Bg5 Nh7 25. Bd2 f5 26. Kh2 f4 27. Rh1 Bf5 28. Be4 Ng5 29. Bxf5 Rxf5 30. g4 Rf6 31. f3 e4 32. Kg2 Re8 33. Be1 exf3+ 34. exf3 Re3 35. Bh4 Rxf3 36. Bxg5 Qxg4+ 0-1

[Event "*** SCC Grand Prix: Titled Tuesday Blitz"]
[Site "Chess.com"]
[Date "2020.07.07"]
[Round "7"]
[White "gliglu"]
[Black "Skatchkov_V"]
[Result "0-1"]
[WhiteElo "2398"]
[BlackElo "2538"]
[TimeControl "180+1"]
[EndTime "11:18:58 PDT"]
[Termination "Skatchkov_V won by resignation"]

1. d4 Nf6 2. c4 e6 3. Nc3 Bb4 4. e3 O-O 5. Ne2 Re8 6. a3 Bf8 7. d5 a5 8. g3 Na6 9. Bg2 Nc5 10. O-O c6 11. e4 exd5 12. exd5 Ra6 13. Nd4 cxd5 14. cxd5 d6 15. Qc2 g6 16. Bf4 Bg7 17.
Rad1 Rb6 18. Ndb5 Bf5 19. Qd2 Nb3 20. Qe3 Rxe3 21. Bxe3 Ra6 22. a4 Nc5 23. h3 Bc2 24. Rd2 Bb3 25. Re1 Nxa4 26. Nxa4 Bxa4 27. Nc3 Bd7 28.
Bf4 b5 29. Bf1 Rb6 30. Be3 Rb8 31. Bf4 b4 32. Ne4 Nxe4 33. Rxe4 Bf5 34. Rc4 h5 35. Rc6 Be5 36. Bxe5 dxe5 37. d6 a4 38. d7 a3 39.
bxa3 b3 40. g4 Bxd7 41. Bc4 Bxc6 0-1

[Event "*** SCC Grand Prix: Titled Tuesday Blitz"]
[Site "Chess.com"]
[Date "2020.07.07"]
[Round "7"]
[White "Grieve72"]
[Black "sergeikim"]
[Result "0-1"]
[WhiteElo "2237"]
[BlackElo "2407"]
[TimeControl "180+1"]
[EndTime "11:18:58 PDT"]
[Termination "sergeikim won on time"]

1. e4 e5 2. Nf3 Nc6 3. Bc4 Bc5 4.
O-O Nf6 5. d3 d6 6. a4 a6 7. c3 Ba7 8. a5 O-O 9. Bg5 Bg4 10. h3 Bh5 11. g4 Bg6 12. Nbd2 Qe7 13. Nh4 Nd8 14. Nf5 Bxf5 15. gxf5 h6 16. Bh4 Kh8 17.
b4 g5 18. Bg3 Rg8 19. Kh1 c6 20. Bb3 d5 21. Qe2 Bb8 22. Bc2 c5 23. Rfb1 cxb4 24. Rxb4 Nc6 25. Rb2 Bd6 26. Rab1 Rab8 27. Ra2 Bc7 28. Nb3 dxe4 29. dxe4 Rbd8 30. Qc4 Bd6 31. Nc1 Rc8 32. Ne2 Nd4 33. Qd3 Nxe2 34. Qxe2 Rxc3 35. Rab2 Rc7 36. Bb3 Bc5 37. f3 Bd4 38. Ra2 Rgc8 0-1

[Event "*** SCC Grand Prix: Titled Tuesday Blitz"]
[Site "Chess.com"]
[Date "2020.07.07"]
[Round "7"]
[White "FedaMaster"]
[Black "BakaPG"]
[Result "0-1"]
[WhiteElo "2432"]
[BlackElo "2650"]
[TimeControl "180+1"]
[EndTime "11:19:00 PDT"]
[Termination "BakaPG won by resignation"]

1. e4 e6 2. d4 d5 3. exd5 exd5 4. Bd3 c5 5. Nf3 Nc6 6. c3 Nf6 7. O-O c4 8. Re1+ Be7 9. Be2 O-O 10. b3 cxb3 11. axb3 Ne4 12. Bb2 Bg4 13. Na3 Rc8 14. Nc2 Bf6 15. Ne3 Bh5 16. Nd2 Bg6 17. Nxe4 dxe4 18. d5 Ne5 19. Rxa7 Qb6 20. Ra4 Rfd8 21. Rb4 Qc7 22. Qd2 h5 23. h3 Ra8 24. Ra1 Rxa1+ 25. Bxa1 Nd3 26. Bxd3 exd3 27. Ra4 b5 28. Ra2 Rc8 29. c4 Bg5 30. cxb5 Bf4 31. g3 Be5 32. Bxe5 Qxe5 33. Kh2 h4 34. b6 Rb8 35. Ra6 hxg3+ 36. fxg3 Qd4 37. Ng4 Qxd5 38. Qf4 Re8 39. Qd2 Re2+ 40.
Qxe2 dxe2 0-1

[Event "*** SCC Grand Prix: Titled Tuesday Blitz"]
[Site "Chess.com"]
[Date "2020.07.07"]
[Round "7"]
[White "Belka1989"]
[Black "Stormeman100100"]
[Result "0-1"]
[WhiteElo "2268"]
[BlackElo "2432"]
[TimeControl "180+1"]
[EndTime "11:19:00 PDT"]
[Termination "Stormeman100100 won on time"]

1. d4 Nf6 2. Nf3 g6 3. Bf4 Bg7 4. e3 O-O 5. Be2 b6 6. O-O Bb7 7. c3 c5 8. h3 Nc6 9. Nbd2 d6 10. Re1 Re8 11. Bh2 Na5 12. Nc4 Nxc4 13. Bxc4 Rc8 14. d5 Rc7 15. e4 Nd7 16. Bb5 Rf8 17. Bxd7 Rxd7 18. Qc2 b5 19. Rad1 Qb6 20. b3 b4 21.
c4 a5 22. e5 Rdd8 23. Re2 Bc8 24. Rde1 Bf5 25. Qd2 a4 26. e6 fxe6 27. g4 Bxg4 28. hxg4 Rxf3 29. Qg5 Bf6 30. Qh6 exd5 31. Rxe7 Bxe7 32.
Rxe7 Rf7 33. Rxf7 Kxf7 34. Qxh7+ Ke6 35. Qxg6+ Kd7 36. cxd5 axb3 37. axb3 c4 38. Qe6+ Kc7 39. bxc4 b3 40. Qe1 b2 41. Qb1 Ra8 42. Bxd6+ Kxd6 43. Qg6+ Kc5 0-1

[Event "*** SCC Grand Prix: Titled Tuesday Blitz"]
[Site "Chess.com"]
[Date "2020.07.07"]
[Round "7"]
[White "amintabatabaei"]
[Black "dretch"]
[Result "1-0"]
[WhiteElo "2936"]
[BlackElo "2796"]
[TimeControl "180+1"]
[EndTime "11:19:02 PDT"]
[Termination "amintabatabaei won on time"]

1. e4 e6 2. d4 d5 3. exd5 exd5 4. Nf3 Bd6 5. Bd3 Nc6 6. O-O Bg4 7. c3 Nge7 8. Re1 Qd7 9. Nbd2 f6 10. b4 O-O 11. h3 Bf5 12. Bf1 Ng6 13. Nb3 Qf7 14.
a4 a5 15. b5 Nce7 16. Ra2 Nf4 17. Bxf4 Bxf4 18. Bd3 Bc8 19. Rae2 Bd6 20. Qc2 g6 21.
Nc5 Kh8 22. c4 Nf5 23. Ne6 Bxe6 24. Rxe6 Ng7 25. R6e2 dxc4 26. Bxc4 Qd7 27. d5 Bb4 28. Rd1 Nf5 29. Bd3 Ne7 30. Be4 Nc8 31. Nd4 Rf7 32. Ne6 Nb6 33. Bxg6 hxg6 34. Qxg6 Rg8 35. Qh6+ Rh7 36.
Qxf6+ Rgg7 37. Rd3 Kg8 38. d6 Bxd6 39. Nxc7 Rf7 40.
Re8+ 1-0

[Event "*** SCC Grand Prix: Titled Tuesday Blitz"]
[Site "Chess.com"]
[Date "2020.07.07"]
[Round "7"]
[White "Manukyan_Artak"]
[Black "PawnEatingZombie"]
[Result "1-0"]
[WhiteElo "2350"]
[BlackElo "2195"]
[TimeControl "180+1"]
[EndTime "11:19:02 PDT"]
[Termination "Manukyan_Artak won on time"]

1. e4 c6 2. d4 d5 3. e5 Bf5 4. c4 e6 5. Nc3 Nd7 6. Nf3 Bg6 7. Qb3 dxc4 8. Qxb7 Ne7 9. Bxc4 Nd5 10. Nxd5 cxd5 11.
Bb5 Bb4+ 12. Bd2 Bxd2+ 13. Nxd2 O-O 14. Qxd7 Qa5 15. O-O Qxd2 16. Rfd1 Qxb2 17. Bf1 a5 18. Qb5 Rfb8 19. Qxb2 Rxb2 20. a4 Rb4 21. Bb5 h5 22.
f4 Rc8 23. Rd2 Rc3 24. Kf2 Be4 25. Re1 g6 26. Re3 Rc1 27. Re1 Rxe1 28. Kxe1 Kg7 29.
g3 Kh6 30. Kf2 Kg7 31. Ke2 Rb3 32. Kf2 Rc3 33. Rb2 Rc1 34. Ke3 1-0

[Event "*** SCC Grand Prix: Titled Tuesday Blitz"]
[Site "Chess.com"]
[Date "2020.07.07"]
[Round "7"]
[White "ApoIogiA"]
[Black "guillembaches"]
[Result "0-1"]
[WhiteElo "2113"]
[BlackElo "2402"]
[TimeControl "180+1"]
[EndTime "11:19:02 PDT"]
[Termination "guillembaches won by resignation"]

1. d4 Nf6 2. c4 e6 3. Nf3 d5 4. Bg5 Be7 5. Nc3 Nbd7 6. e3 h6 7. Bxf6 Nxf6 8. Be2 O-O 9. cxd5 exd5 10. O-O b6 11. Ne5 Bb7 12. Rc1 c5 13. Bf3 c4 14.
Re1 a6 15. a4 Bb4 16. b3 Rc8 17. bxc4 Qe7 18. Qe2 dxc4 19. Bxb7 Qxb7 20. Rc2 Nd5 21.
Nxd5 Bxe1 22. Qf3 Kh8 23. e4 b5 24. g4 b4 25. g5 b3 26. gxh6 f6 27. hxg7+ Qxg7+ 28.
Kf1 fxe5 29. Qh5+ Kg8 30. Rc1 Bxf2 0-1

[Event "*** SCC Grand Prix: Titled Tuesday Blitz"]
[Site "Chess.com"]
[Date "2020.07.07"]
[Round "7"]
[White "Dyadya81"]
[Black "Iball95"]
[Result "1-0"]
[WhiteElo "2744"]
[BlackElo "2578"]
[TimeControl "180+1"]
[EndTime "11:19:04 PDT"]
[Termination "Dyadya81 won by resignation"]

1. e4 e5 2. Nf3 Nc6 3. d4 exd4 4. Nxd4 Bc5 5. Nxc6 Qf6 6. Qf3 dxc6 7. Bc4 Qg6 8.
Nc3 Nf6 9. h3 O-O 10. Bd2 b5 11. Bd3 Qh5 12. Qxh5 Nxh5 13. g4 Nf6 14. e5 Re8 15. f4 Nd7 16. O-O-O Nb6 17. Be4 Bb7 18. Nxb5 Rec8 19. b3 Nd5 20. Nc3 a5 21. Na4 Ba3+ 22. Kb1 Rd8 23. c4 Nb6 24. Nxb6 cxb6 25. Be3 a4 26. Bxb6 Rdb8 27. Bc7 Rc8 28. Rd7 axb3 29. axb3 Bc5 30. Bd6 Bxd6 31. exd6 Ba6 32. Kb2 Rab8 33. Kc3 Kf8 34. Ra1 Rb6 35. c5 Rb5 36. Rxa6 Rxc5+ 37. Kd4 f5 38. Kxc5 1-0

[Event "*** SCC Grand Prix: Titled Tuesday Blitz"]
[Site "Chess.com"]
[Date "2020.07.07"]
[Round "7"]
[White "Shuvalov"]
[Black "coalescenet"]
[Result "0-1"]
[WhiteElo "2506"]
[BlackElo "2407"]
[TimeControl "180+1"]
[EndTime "11:19:04 PDT"]
[Termination "coalescenet won by resignation"]

1. Nf3 d5 2. c4 e6 3. g3 Nf6 4. Bg2 Be7 5. O-O O-O 6. b3 b6 7. Bb2 Bb7 8. e3 c5 9. Nc3 Na6 10. d3 Rc8 11. Qe2 Rc7 12. Nb5 dxc4 13. dxc4 Rd7 14. Rfd1 Qa8 15. Rxd7 Nxd7 16. Rd1 Rd8 17. Ne1 Nb4 18. Qg4 Nf6 19. Bxf6 Bxf6 20. Rxd8+ Bxd8 21. Bxb7 Qxb7 22. Qd1 Be7 23. a3 Nc6 24. Qf3 a6 25.
Na7 Qxa7 26. Qxc6 Qb8 27. Nd3 g6 28. f4 Bf6 29. b4 cxb4 30. axb4 a5 31. bxa5 bxa5 32.
c5 Qb1+ 33. Kg2 Qxd3 34. Qf3 Qc2+ 35. Kh3 Qxc5 36. g4 h6 37. e4 Qc3 38. Qxc3 Bxc3 0-1

[Event "*** SCC Grand Prix: Titled Tuesday Blitz"]
[Site "Chess.com"]
[Date "2020.07.07"]
[Round "7"]
[White "Ati1517"]
[Black "ChessicallyInclined"]
[Result "0-1"]
[WhiteElo "2371"]
[BlackElo "2495"]
[TimeControl "180+1"]
[EndTime "11:19:04 PDT"]
[Termination "ChessicallyInclined won by resignation"]

1. d4 Nf6 2. c4 e6 3. Nc3 Bb4 4. Qc2 d5 5. cxd5 Qxd5 6. Nf3 Qf5 7.
Qa4+ Nc6 8. Bd2 O-O 9. e3 Nd5 10. Nxd5 Bxd2+ 11. Nxd2 exd5 12. Be2 Bd7 13. Qb3 b6 14.
O-O Na5 15. Qc3 c6 16. Ba6 Bc8 17. Bd3 Qf6 18. b4 Nb7 19. Rac1 Bd7 20. e4 dxe4 21. Nxe4 Qh6 22. Ba6 Nd6 23. Nxd6 Qxd6 24. Bb7 Rab8 25. Bxc6 Bxc6 26. Qxc6 Qxd4 27. b5 g6 28. h3 h5 29.
Rfd1 Qa4 30. Rd7 Qxa2 31. Re1 Rbe8 32. Red1 Re6 33. Qb7 Qb3 34. R1d5 Qc4 35. Rg5 Re1+ 36. Kh2 Qf4+ 37. Rg3 h4 0-1

[Event "*** SCC Grand Prix: Titled Tuesday Blitz"]
[Site "Chess.com"]
[Date "2020.07.07"]
[Round "7"]
[White "chargemax23"]
[Black "UCantHandleDenker"]
[Result "1-0"]
[WhiteElo "2682"]
[BlackElo "2534"]
[TimeControl "180+1"]
[EndTime "11:19:08 PDT"]
[Termination "chargemax23 won by resignation"]

1. c4 Nf6 2. Nc3 g6 3. g3 Bg7 4.
Bg2 d6 5. d4 O-O 6. Nf3 Nc6 7.
O-O e5 8. h3 exd4 9. Nxd4 Bd7 10.
Nc2 Re8 11. e4 Qc8 12. Kh2 Re5 13. Ne3 Rh5 14. h4 Re5 15. Ned5 Re8 16. Bg5 Ng4+ 17.
Kg1 h6 18. Bf4 Nge5 19. Nb5 Nxc4 20. Nbxc7 Nxb2 21. Qc2 Nd4 22. Qb1 Ne2+ 23. Kh2 Nxf4 24. Nxe8 Bxe8 25. Ne7+ Kf8 26. Nxc8 Rxc8 27. gxf4 Nc4 28.
Qxb7 Rd8 29. Rac1 Nb6 30. Qxa7 Bd4 31. Qc7 1-0

[Event "*** SCC Grand Prix: Titled Tuesday Blitz"]
[Site "Chess.com"]
[Date "2020.07.07"]
[Round "7"]
[White "Indianlad"]
[Black "Elshan1985"]
[Result "1-0"]
[WhiteElo "2965"]
[BlackElo "2839"]
[TimeControl "180+1"]
[EndTime "11:19:10 PDT"]
[Termination "Indianlad won by resignation"]

1. c4 Nf6 2. Nf3 e6 3. Nc3 d5 4. e3 a6 5. b3 b6 6. Bb2 Bb7 7.
cxd5 exd5 8. Ne2 g6 9. d4 Bg7 10. Nf4 O-O 11. Be2 Re8 12. O-O Ne4 13. Qc2 Nd7 14.
Rfd1 Rc8 15. Rac1 Nf8 16. b4 Ne6 17. Nd3 N6g5 18. Nfe5 h5 19. a4 h4 20. b5 axb5 21. axb5 h3 22. g3 Qf6 23. Bg4 Nd6 24. f4 Ne6 25. Bxh3 Nc4 26. Qf2 Qd8 27. f5 Ng5 28. Bg2 Nxb2 29. Qxb2 gxf5 30. Qf2 f6 31. Nc6 Qd7 32. Rf1 Ra8 33. Ndb4 Ne4 34. Qxf5 Qxf5 35. Rxf5 Bh6 36. Nxd5 Kg7 37. Ncb4 Rac8 38. Bxe4 Rxe4 39.
Kf2 Re6 40. Nf4 Rd6 41. Nbd5 c5 42. dxc5 bxc5 43. e4 c4 44. Rc3 Rc5 45. Ne3 Rd2+ 46. Ke1 1-0